Map: King Sejong Station LE

Players

Major (SpeCial) - Winner!

  • Race: Terran Terran
  • League: Master
  • Spawn Location: 11:00

Darkness

  • Race: Protoss Protoss
  • Spawn Location: 5:00

Event: Copa América 2016 Grand Finals

VOD

Have the link to the VOD?

Description

Time

  • Played on: Oct. 13, 2016, 1:43 p.m.
  • Length: 10:38

All games in this series

Show
View Real Time Build Order
Export as new Build Order

Major Terran - Winner!

Build Orders: Liberator Opening, Reaper Expand 

Get SALT Encoding   

  12  0:00  SCV  
  13  0:13  SCV  
  14  0:17  Supply Depot  
  14  0:25  SCV  
  14  0:28  Refinery  
  15  0:38  SCV  
  16  0:45  Barracks  
  16  0:51  SCV  
  17  1:03  SCV  
  18  1:15  SCV  
  19  1:32  Reaper, Orbital Command  
  20  1:44  Command Center  
  20  1:55  Factory  
  20  1:59  SCV  
  21  2:05  Barracks Reactor  
  21  2:11  SCV  
  21  2:12  Refinery  
  22  2:19  Supply Depot  
  22  2:23  SCV  
  23  2:40  SCV  
  23  2:41  Starport  
  23  2:42  Marine x2  
  26  2:44  Widow Mine  
  28  2:53  SCV  
  28  2:56  Orbital Command  
  29  3:02  Marine x2  
  31  3:06  SCV  
  32  3:15  Widow Mine  
  32  3:18  Medivac, SCV  
  37  3:22  SCV  
  37  3:23  Marine  
  37  3:27  Marine  
  39  3:31  Supply Depot  
  39  3:33  SCV  
  41  3:35  SCV  
  41  3:36  Liberator  
  42  3:41  Marine  
  42  3:44  Marine  
  42  3:46  SCV  
  42  3:47  SCV  
  46  3:51  Factory Tech Lab  
  49  3:58  SCV  
  49  3:59  Marine, SCV  
  49  4:00  Barracks  
  52  4:06  Marine, Supply Depot  
  53  4:12  SCV  
  53  4:16  Factory Tech Lab  
  54  4:27  Marine x2, SCV x2  
  54  4:28  Supply Depot  
  58  4:38  Siege Tank  
  60  4:39  SCV x2  
  62  4:49  Marine x2, Bunker  
  62  4:51  SCV x2  
  66  4:54  Supply Depot  
  66  5:04  SCV x2, Marauder  
  66  5:06  Stimpack  
  68  5:10  Command Center  
  65  5:15  Siege Tank  
  65  5:16  SCV x2  
  65  5:17  Starport Reactor  
  70  5:28  SCV x2  
  71  5:30  Marine x2, Marauder  
  71  5:35  Refinery  
  73  5:37  Supply Depot  
  73  5:40  SCV x2  
  73  5:41  Barracks  
  73  5:42  Engineering Bay  
  75  5:44  Refinery  
  75  5:47  Marine  
  75  5:48  Marine  
  77  5:52  SCV  
  77  5:56  Barracks  
  78  5:58  Barracks, SCV, Factory Reactor  
  78  5:59  Marauder  
  78  6:00  Medivac x2  
  85  6:05  SCV  
  85  6:06  Supply Depot  
  86  6:11  Terran Infantry Weapons Level 1  
  86  6:12  Missile Turret  
  86  6:21  Marine x2, SCV x2  
  86  6:23  Orbital Command  
  86  6:24  Missile Turret  
  90  6:28  Marauder  
  92  6:34  SCV x2  
  92  6:35  Supply Depot  
  92  6:36  Supply Depot  
  92  6:38  Medivac  
  92  6:39  Marine x2  
  98  6:42  Medivac  
  98  6:46  Barracks Tech Lab, SCV, Barracks Reactor  
  101  6:48  Widow Mine  
  101  6:49  Widow Mine  
  101  6:50  Orbital Command  
  105  6:55  SCV  
  105  6:57  Marine x2, Liberator  
  105  6:58  SCV  
  105  7:01  Liberator  
  108  7:04  Marauder x2  
  108  7:07  SCV  
  112  7:09  Marauder  
  112  7:10  SCV  
  112  7:15  Marine x2  
  120  7:19  SCV  
  120  7:21  SCV  
  120  7:22  SCV  
  125  7:34  Supply Depot x2  
  125  7:46  Supply Depot, Missile Turret  
  125  7:48  Supply Depot  
  125  7:55  Marine x4, SCV x3, Marauder x2  
  125  7:56  Marauder  
  125  7:57  Starport  
  138  7:59  Liberator x2  
  131  8:07  SCV  
  131  8:08  SCV  
  129  8:13  Marine x2, SCV  
  129  8:14  Supply Depot  
  129  8:15  Supply Depot, Refinery x2  
  129  8:16  Widow Mine  
  129  8:17  Marauder x3  
  129  8:19  SCV  
  140  8:22  Marine  
  140  8:23  Marine  
  141  8:30  Marine  
  141  8:31  Missile Turret  
  142  8:38  Marine, Marauder x2  
  142  8:39  Marauder  
  142  8:40  Marine  
  147  8:41  Marine, Liberator  
  147  8:43  Liberator  
  148  8:48  Marine  
  148  8:52  SCV x3  
  152  8:56  Marine, Supply Depot  
  152  8:58  Marine  
  152  8:59  Marine  
  152  9:00  Marauder x3  
  167  9:06  Marine  
  167  9:09  Supply Depot x2  
  166  9:14  Marine  
  166  9:16  Marine  
  168  9:17  Marine  
  168  9:21  Marauder x3  
  172  9:24  Marine  
  172  9:25  Viking x2  
  174  9:31  Engineering Bay, Marine, Armory  
  174  9:33  Marine  
  174  9:34  Marine  
  175  9:42  Marine, Marauder x2  
  175  9:43  Marauder  
  175  9:44  Concussive Shells  
  173  9:49  Marine  
  173  9:51  Marine  
  173  9:52  Marine  
  166  9:55  Viking  
  166  9:56  Viking x2  
  173  10:00  Marine, Viking  
  173  10:03  Marine  
  173  10:04  Marine, Marauder  
  169  10:07  Marine  
  169  10:09  Marine  
  169  10:10  Marine  
  172  10:17  Marine  
Show
View Real Time Build Order
Export as new Build Order

Darkness Protoss 

Build Orders: 1 Gate Expand 

Get SALT Encoding   

  12  0:00  Probe (Chrono Boost)  
  13  0:11  Probe (Chrono Boost)  
  14  0:17  Pylon  
  14  0:22  Probe (Chrono Boost)  
  16  0:35  Probe (Chrono Boost)  
  16  0:36  Gateway  
  16  0:41  Assimilator  
  16  0:46  Probe (Chrono Boost)  
  17  0:56  Probe (Chrono Boost)  
  18  1:07  Probe (Chrono Boost)  
  19  1:22  Nexus  
  19  1:24  Probe (Chrono Boost)  
  20  1:35  Cybernetics Core  
  20  1:39  Probe (Chrono Boost)  
  21  1:45  Assimilator  
  21  1:50  Probe (Chrono Boost)  
  22  1:56  Pylon  
  22  2:00  Probe (Chrono Boost)  
  23  2:08  Warp Gate (Chrono Boost)  
  23  2:14  Mothership Core (Chrono Boost), Adept  
  27  2:33  Probe (Chrono Boost)  
  27  2:35  Probe (Chrono Boost)  
  29  2:39  Robotics Facility  
  29  2:41  Adept  
  29  2:44  Probe (Chrono Boost)  
  32  2:45  Probe (Chrono Boost)  
  33  2:55  Probe  
  33  2:56  Probe  
  35  3:06  Probe  
  35  3:08  Probe  
  37  3:13  Gateway  
  37  3:14  Gateway  
  37  3:17  Probe  
  38  3:20  Probe  
  38  3:25  Assimilator  
  38  3:27  Observer (Chrono Boost)  
  40  3:29  Probe  
  40  3:32  Probe  
  42  3:40  Pylon  
  43  3:41  Probe  
  43  3:43  Twilight Council  
  43  3:48  Observer (Chrono Boost)  
  43  3:53  Probe (Chrono Boost), Pylon  
  43  3:54  Probe (Chrono Boost)  
  46  4:04  Probe (Chrono Boost)  
  46  4:06  Pylon  
  46  4:07  Stalker, Probe (Chrono Boost)  
  46  4:08  Stalker  
  46  4:09  Observer  
  53  4:20  Probe (Chrono Boost)  
  53  4:22  Probe (Chrono Boost)  
  53  4:35  Probe (Chrono Boost)  
  53  4:37  Probe (Chrono Boost)  
  53  4:38  Stalker x3  
  61  4:53  Nexus  
  61  4:56  Blink (Chrono Boost)  
  61  5:01  Probe  
  62  5:08  Stalker x2  
  62  5:12  Probe  
  65  5:21  Probe  
  66  5:30  Probe  
  67  5:36  Pylon  
  67  5:37  Probe, Pylon  
  67  5:39  Assimilator  
  67  5:41  Observer  
  67  5:42  Gateway  
  68  5:44  Gateway  
  68  5:48  Probe  
  70  5:57  Probe  
  70  5:58  Stalker x3  
  70  6:00  Probe  
  78  6:04  Forge  
  78  6:05  Probe  
  78  6:07  Pylon  
  78  6:09  Probe  
  80  6:12  Probe  
  80  6:14  Robotics Bay  
  80  6:16  Probe  
  82  6:18  Pylon  
  82  6:21  Probe  
  82  6:24  Probe, Protoss Ground Weapons Level 1 (Chrono Boost)  
  84  6:27  Probe, Sentry x3  
  91  6:33  Probe  
  91  6:36  Probe  
  91  6:39  Probe  
  94  6:42  Resonating Glaives (Chrono Boost)  
  94  6:45  Probe  
  95  6:49  Gateway  
  95  6:50  Gateway  
  95  6:53  Probe x2  
  97  6:54  Assimilator  
  97  6:58  Adept x3  
  97  6:59  Disruptor  
  103  7:02  Adept  
  108  7:10  Adept  
  110  7:23  Stalker x3  
  110  7:29  Photon Cannon  
  112  7:33  Colossus  
  112  7:39  Pylon  
  112  7:40  Pylon  
  115  7:44  Extended Thermal Lance  
  115  7:50  Pylon  
  115  7:53  Pylon  
  115  7:54  Assimilator  
  113  7:59  Adept  
  113  8:00  Adept x4  
  120  8:07  Probe x3  
  123  8:19  Probe x2  
  125  8:26  Stalker x6  
  133  8:34  Photon Cannon  
  131  8:44  Probe  
  131  8:45  Probe x2  
  133  8:51  Colossus  
  133  8:55  Forge  
  133  8:57  Probe  
  138  9:03  Assimilator  
  138  9:05  Pylon, Photon Cannon  
  138  9:07  Pylon  
  138  9:17  Adept x5  
  138  9:21  Pylon  
  138  9:22  Pylon  
  126  9:42  Stalker x5  
  120  9:51  Probe x3  
  115  9:53  Assimilator  
  112  10:05  Adept x2  
  112  10:06  Adept  
  93  10:10  Probe  
  93  10:11  Probe  
  89  10:14  Probe  
  90  10:23  Probe x2  
Tags
 
Add a new tag
Caveats
  • Supply blocks, unpowered buildings, or Contaminate may cause inaccurate times.
  • Supply counts are checked every 10 seconds.